 Dungeon Crawl Stone Soup version 0.20.0-8-g6b59dc7 (webtiles) character file.

9679 Minion the Cleaver (level 11, -1/103 (104) HPs)
             Began as a Deep Dwarf Berserker on May 30, 2017.
             Was a Priest of Trog.
             Slain by an eight-headed hydra (3 damage)
             ... on level 3 of the Lair of Beasts.
             The game lasted 00:23:26 (8417 turns).

Minion the Cleaver (Deep Dwarf Berserker)           Turns: 8417, Time: 00:23:27

HP:   -1/103 (104)  AC: 14    Str: 22    XL:     11   Next: 26%
MP:   15/15         EV: 16    Int:  8    God:    Trog [***...]
Gold: 644           SH:  0    Dex: 14    Spells: 10/10 levels left

rFire    + . .     SeeInvis .   o - +0 war axe
rCold    . . .     Gourm    .   (no shield)
rNeg     . . .     Faith    .   n - +2 chain mail {rPois}
rPois    +         Spirit   .   (no helmet)
rElec    .         Reflect  .   i - +0 cloak
rCorr    .         Harm     .   (no gloves)
MR       +++..                  (no boots)
Stlth    ..........             (no amulet)
Regen    1.0/turn               N - +3 ring of evasion
MPRegen  0.2/turn               u - ring of protection from fire

@: non-regenerating
A: damage resistance, heal wounds, sense surroundings 2, no regeneration
a: Heal Wounds, Berserk, Trog's Hand, Burn Spellbooks, Renounce Religion


You were on level 3 of the Lair of Beasts.
You worshipped Trog.
Trog was most pleased with you.
You were not hungry.

You visited 2 branches of the dungeon, and saw 12 of its levels.

You collected 644 gold pieces.

Inventory:

Hand Weapons
 o - a +0 war axe (weapon)
Armour
 i - a +0 cloak (worn)
 n - a +2 chain mail of poison resistance (worn)
 t - a +1 scale mail of magic resistance
Jewellery
 b - an uncursed ring of flight
 u - a ring of protection from fire (right hand)
 J - an uncursed ring of positive energy
 N - a +3 ring of evasion (left hand)
 O - an uncursed ring of magical power {unknown}
 P - an uncursed ring of resist corrosion {unknown}
Wands
 y - a wand of polymorph (0/24)
 B - a wand of confusion (32/48)
 D - a wand of iceblast (0/15)
 E - a wand of digging (8/24)
 M - a wand of enslavement (11/24)
Scrolls
 d - a scroll of amnesia {unknown}
 g - 3 scrolls of noise {unknown}
 q - a scroll of blinking {unknown}
 w - 3 scrolls of identify
 x - a scroll of fear {unknown}
 z - 2 scrolls of enchant armour
 A - a scroll of recharging {unknown}
 F - 2 scrolls of remove curse
 G - a scroll of teleportation {unknown}
 H - a scroll of random uselessness {unknown}
 K - 3 scrolls of enchant weapon {unknown}
Potions
 e - a potion of heal wounds {unknown}
 f - 5 potions of curing
 h - 3 potions of mutation
 j - 2 potions of haste {unknown}
 l - a potion of experience {unknown}
 m - 2 potions of magic {unknown}
 r - a potion of ambrosia {unknown}
 s - 4 potions of degeneration {unknown}
 v - a potion of agility
 C - 2 potions of flight {unknown}
 I - 2 potions of lignification {unknown}
 L - a potion of berserk rage {unknown}
Books
 a - a book of Conjurations

   Spells                             Type                      Level
   a - Magic Dart                     Conjuration                  1
   b - Searing Ray                    Conjuration                  2
   c - Dazzling Spray                 Conjuration/Hexes            3
   d - Fulminant Prism                Conjuration/Hexes            4
   e - Force Lance                    Conjuration/Translocation    4
   f - Iskenderun's Mystic Blast      Conjuration                  4
   Trog disapproves of the use of such an item.
 k - a book of Changes

   Spells                             Type                      Level
   a - Beastly Appendage              Transmutation                1
   b - Sticks to Snakes               Transmutation                2
   c - Spider Form                    Transmutation/Poison         3
   d - Ice Form                       Ice/Transmutation            4
   e - Blade Hands                    Transmutation                5
   Trog disapproves of the use of such an item.
Comestibles
 c - 2 bread rations
 p - 6 meat rations
 Q - a chunk of flesh


   Skills:
 + Level 8.5 Fighting
 + Level 9.9 Axes
 + Level 9.6 Armour
 + Level 9.8 Dodging
 + Level 5.4 Evocations


You had 10 spell levels left.
You didn't know any spells.

Dungeon Overview and Level Annotations

Branches:
Dungeon (9/15)             Temple (0/1) D:7            Lair (3/6) D:9
  Swamp (0/4) Lair:2
  Snake: Lair:2-4    Spider: Lair:2-4       Orc: D:9-12

Altars:
Ashenzari
Nemelex Xobeh


Innate Abilities, Weirdness & Mutations

You are resistant to damage.
You can heal yourself by infusing magical energy.
You passively map the area around you.
You do not regenerate.


Message History

The eight-headed hydra bites you but does no damage.
The eight-headed hydra bites you.
* * * LOW HITPOINT WARNING * * *
The eight-headed hydra barely misses you.
A bullfrog comes into view.
Aiming: Polymorph (will waste charges)
Press: ? - help, Shift-Dir - straight line, f/p - eight-headed hydra
Aim: an eight-headed hydra (lightly wounded, chance to defeat MR: 28%)
The eight-headed hydra easily resists.
The bullfrog croaks.
Evoking this partially-identified wand wasted a few charges.
Your skill with magical items lets you calculate the power of this device...
This wand has 0 charges left.
The eight-headed hydra misses you.
The eight-headed hydra bites you but does no damage.
The eight-headed hydra bites you.
* * * LOW HITPOINT WARNING * * *
The eight-headed hydra bites you!
* * * LOW HITPOINT WARNING * * *
The eight-headed hydra bites you.
You die...

* #### * ####* ##..##
####
#...##########P.P.###P.#
,,
........................
,
...........#.###.....##
*,
.P#....P#####*##^...## ,
#....#@..# , P##.....PP
* ......D#..# ..........
,......##.## ,..........
, ,, ....F. #.#
*####.....P. ..... *#..*
#P...... , ,r..F. #..
*#.P...... ,.... #...
,........P# , , ...#
...,, .......... , , *
** , ..........


You could see an eight-headed hydra, a spiny frog, a bullfrog and a porcupine
(wandering).

Vanquished Creatures
  Pikel (D:4)
  3 black mambas
  2 spiny frogs (Lair:1)
  2 komodo dragons
  A kobold demonologist (D:7)
  2 trolls (D:9)
  Grinder (D:3)
  A polar bear (Lair:3)
  A hippogriff (Lair:1)
  6 yaks
  A basilisk (Lair:1)
  Eustachio (D:4)
  A hungry ghost (D:9)
  4 water moccasins
  2 porcupines
  Purgy (D:4)
  Duvessa (D:4)
  2 necrophages
  2 sky beasts
  A slave (D:4)
  A phantom (D:8)
  2 black bears (D:9)
  An ice beast (D:9)
  5 ogres
  4 crocodiles
  6 bullfrogs
  A water moccasin zombie (D:9)
  Dowan (D:4)
  3 scorpions
  A wyvern skeleton (D:8)
  9 killer bees
  2 howler monkeys
  2 bullfrog zombies
  2 crimson imps
  6 hounds
  3 orc priests
  A jelly (D:6)
  3 orc wizards
  2 bullfrog skeletons
  4 iguanas
  Jessica (D:2)
  Terence (D:3)
  9 worker ants
  A hound skeleton (D:4)
  3 gnolls (D:6)
  7 adders
  A shadow imp (D:9)
  2 oozes
  An adder zombie (D:7)
  4 worms
  3 dart slugs
  7 leopard geckos
  22 orcs
  2 ball pythons (D:1)
  9 giant cockroaches
  5 goblins
  6 kobolds
  4 quokkas
  A bat (D:1)
  10 frilled lizards
  2 leopard gecko zombies
  A quokka skeleton (D:7)
  14 rats
211 creatures vanquished.

Vanquished Creatures (others)
  A plant (Lair:1)
1 creature vanquished.

Grand Total: 212 creatures vanquished

Notes
Turn   | Place    | Note
-------+----------+-------------------------------------------
     0 | D:1      | Minion the Deep Dwarf Berserker began the quest for the Orb.
     0 | D:1      | Reached XP level 1. HP: 20/20 MP: 1/1
    95 | D:1      | Reached XP level 2. HP: 21/27 MP: 2/2
   334 | D:1      | Reached ** piety under Trog
   614 | D:2      | Reached XP level 3. HP: 27/33 MP: 3/3
   738 | D:2      | Noticed Jessica
   742 | D:2      | Killed Jessica
   969 | D:2      | Reached XP level 4. HP: 30/42 MP: 4/4
  1296 | D:3      | Noticed Terence
  1308 | D:3      | Killed Terence
  1462 | D:3      | Noticed Grinder
  1463 | D:3      | Paralysed by Grinder for 4 turns
  1485 | D:3      | Killed Grinder
  1485 | D:3      | Reached XP level 5. HP: 13/50 MP: 5/5
  1485 | D:3      | Reached XP level 6. HP: 15/57 MP: 6/6
  2057 | D:4      | Reached skill level 5 in Axes
  2245 | D:4      | Noticed Duvessa
  2245 | D:4      | Noticed Dowan
  2259 | D:4      | Killed Duvessa
  2264 | D:4      | Killed Dowan
  2264 | D:4      | Reached XP level 7. HP: 64/64 MP: 7/7
  2358 | D:4      | Noticed Pikel
  2385 | D:4      | Killed Pikel
  2385 | D:4      | Reached skill level 5 in Fighting
  2385 | D:4      | Reached skill level 5 in Armour
  2385 | D:4      | Reached skill level 5 in Dodging
  2385 | D:4      | Reached XP level 8. HP: 50/74 MP: 8/8
  2436 | D:4      | Noticed Purgy
  2443 | D:4      | Killed Purgy
  2497 | D:4      | Noticed Eustachio
  2507 | D:4      | Killed Eustachio
  2972 | D:5      | Entered Level 5 of the Dungeon
  3400 | D:5      | Reached *** piety under Trog
  3408 | D:5      | Gained mutation: You passively map the area around you. [Deep Dwarf growth]
  3408 | D:5      | Reached XP level 9. HP: 82/82 MP: 9/9
  3453 | D:5      | Found a sparkling altar of Nemelex Xobeh.
  4771 | D:7      | You fall through a shaft!
  4860 | D:7      | Noticed a kobold demonologist
  4862 | D:7      | Noticed an orange demon
  4871 | D:7      | Killed a kobold demonologist
  5344 | D:7      | Found a staircase to the Ecumenical Temple.
  6234 | D:8      | Reached XP level 10. HP: 74/93 MP: 10/10
  6412 | D:9      | Found a staircase to the Lair.
  6492 | D:9      | Reached **** piety under Trog
  6713 | D:9      | Reached skill level 1 in Evocations
  7125 | Lair:1   | Entered Level 1 of the Lair of Beasts
  7184 | Lair:1   | Noticed a spiny frog
  7197 | Lair:1   | Killed a spiny frog
  7336 | Lair:1   | Noticed a black mamba
  7348 | Lair:1   | Killed a black mamba
  7513 | Lair:1   | Noticed a black mamba
  7521 | Lair:1   | Killed a black mamba
  7585 | Lair:1   | Noticed a spiny frog
  7593 | Lair:1   | Killed a spiny frog
  7595 | Lair:1   | Reached XP level 11. HP: 62/102 MP: 14/14
  8070 | Lair:2   | Found a staircase to the Swamp.
  8097 | Lair:2   | Reached skill level 5 in Evocations
  8250 | Lair:3   | Found a shattered altar of Ashenzari.
  8402 | Lair:3   | Noticed an eight-headed hydra
  8417 | Lair:3   | HP: 2/103 [eight-headed hydra (5)]
  8417 | Lair:3   | Slain by an eight-headed hydra

Skill      XL: |  1  2  3  4  5  6  7  8  9 10 11 |
---------------+----------------------------------+-----
Fighting       | 3 4 5 7 8 |  8.5
Dodging        | 3 4 5 6 8 9 |  9.8
Axes           | 4 5 6 7 8 9 |  9.9
Armour         | 4 5 6 8 9 |  9.6
Evocations     | 4 5 |  5.4

Action                   |  1- 3 |  4- 6 |  7- 9 | 10-12 || total
-------------------------+-------+-------+-------+-------++-------
Melee: Hand axe          |   105 |    98 |       |       ||   203
       War axe           |       |    42 |   404 |   227 ||   673
Invok: Trog's Hand       |     1 |     3 |     8 |    12 ||    24
       Berserk           |     1 |     3 |    13 |    10 ||    27
Evoke: Wand              |       |       |       |     6 ||     6
  Use: Scroll            |       |     4 |       |       ||     4
 Stab: Sleeping          |     5 |       |       |       ||     5
  Eat: Chunk             |     2 |     2 |    20 |     6 ||    30
       Bread ration      |       |     1 |     2 |     3 ||     6
       Royal jelly       |       |       |     2 |       ||     2
Armor: Animal skin       |    16 |       |       |       ||    16
       Chain mail        |       |    52 |   201 |   102 ||   355
       Ring mail         |       |     6 |       |       ||     6
Dodge: Dodged            |    62 |    53 |   271 |   195 ||   581
